 Dungeon Crawl Stone Soup version 0.28.0 (webtiles) character file.

Game seed: 14009462049859486319

2 zeram the Ducker (level 1, -3/11 HPs)
             Began as a Spriggan Fighter on Feb 18, 2022.
             Slain by a hobgoblin (4 damage)
             ... on level 1 of the Dungeon.
             The game lasted 00:00:22 (115 turns).

zeram the Ducker (Spriggan Fighter)                  Turns: 115, Time: 00:00:23

Health: -3/11      AC:  2    Str: 12    XL:     1   Next: 25%
Magic:  2/2        EV: 17    Int:  9    God:
Gold:   13         SH:  6    Dex: 14    Spells: 0/0 levels left

rFire   . . .      SeeInvis +   a - +0 rapier
rCold   . . .      Faith    .   c - +0 buckler
rNeg    . . .      Spirit   .   b - +0 robe
rPois   .          Reflect  .   (helmet restricted)
rElec   .          Harm     .   (no cloak)
rCorr   .          Rampage  .   (gloves unavailable)
Will    .....                   (boots unavailable)
Stlth   +.........              (no amulet)
HPRegen 0.03/turn               (no ring)
MPRegen 0.08/turn               (no ring)

@: very quick
A: very small, no large weapons, unfitting armour, see invisible, speed 3
a: no special abilities


You were on level 1 of the Dungeon.
You visited 1 branch of the dungeon, and saw 1 of its levels.

You collected 13 gold pieces.

Inventory:

Hand Weapons
 a - a +0 rapier (weapon)
Armour
 b - a +0 robe (worn)
 c - a +0 buckler (worn)
Potions
 d - a potion of might


   Skills:
 + Level 2.4 Fighting
 + Level 2.2 Short Blades
 + Level 4.0 Dodging
 + Level 2.2 Shields


You couldn't memorise any spells.
You didn't know any spells.
Your spell library was empty.

Dungeon Overview and Level Annotations

Branches:
Dungeon (1/15)

Altars:


Innate Abilities, Weirdness & Mutations

You are very small and have problems with some larger weapons.
You are too small for most types of armour.
You have supernaturally acute eyesight. (SInv)
You cover ground extremely quickly. (Speed+++)


Message History

A jackal comes into view.
The hobgoblin misses you. The hobgoblin completely misses you.
The jackal moves out of view.
You see here a ball python corpse.
You open the door.
There is an open door here.
You close the door.
You start resting.
A hobgoblin opens the door.
You open the door.
A kobold comes into view. It is wielding a +0 dagger.
The kobold shouts!
You hit the kobold but do no damage. The kobold closely misses you.
The kobold misses you.
You closely miss the kobold. The kobold closely misses you.
You block the hobgoblin's attack.
You closely miss the kobold. The kobold barely misses you.
The hobgoblin misses you.
You hit the kobold.
The kobold is heavily wounded.
You block the kobold's attack. The hobgoblin misses you.
You closely miss the kobold.
The kobold is heavily wounded.
The kobold misses you. The hobgoblin closely misses you.
You closely miss the kobold.
The kobold is heavily wounded.
The kobold completely misses you. The hobgoblin closely misses you.
The kobold closely misses you.
You barely miss the kobold.
The kobold is heavily wounded.
The hobgoblin barely misses you. The kobold hits you with a +0 dagger.
* * * LOW HITPOINT WARNING * * *
The hobgoblin barely misses you.
You barely miss the kobold.
The kobold is heavily wounded.
The kobold hits you but does no damage. The hobgoblin misses you.
You hit the kobold.
The kobold is severely wounded.
The kobold barely misses you. The hobgoblin hits you.
You die...

#....l....#
#......g..####....#
#............#....#
#######......#....##
#......#.....#
#......#..... #......#
... #....### #K# #....#
#@# #....# #g# ...
#....# #l# .. #..†.# #.#
..# ##### #....# #.# ..#
#.#.###....# #.#...#
.#.#(##....#####'#...#.#
#.#.###................#
<#.#..#.............####


You could see a hobgoblin, a kobold and a frilled lizard.

Vanquished Creatures
  A hobgoblin (D:1)
  A ball python (D:1)
2 creatures vanquished.

Notes
Turn   | Place    | Note
-------+----------+-------------------------------------------
     0 | D:1      | zeram the Spriggan Fighter began the quest for the Orb.
     0 | D:1      | Reached XP level 1. HP: 11/11 MP: 2/2
   115 | D:1      | Slain by a hobgoblin

Illustrated notes

Levels and vault maps discovered:
D:1:      lightli_arrival_chessboard, layout_basic,
          hellmonk_ecumenical_altar_dog_temple

Action                   || total
-------------------------++-------
Melee: Rapier            ||    18
Armor: Robe              ||     3
Dodge: Dodged            ||    24
Block: Buckler           ||     4
